Unix NetHack Version 5.0.0-0 post-release - last build Jun 10 2026 00:39:30 (3ee93aec679c4c4259841fe613dc97188e26a321,branch:main).

Game began 2026-06-29 22:45:51, ended 2026-07-02 20:22:19.

Japes, lawful male human Monk

                                                      ---------         -----
    ---------------                       -------    --.......------  ---..<|
    |.............|                       |.....|    |..--.........|---.....|
    ||----.--.---.-                       |.._..|    |..|---------.|....|..--
    |..-.|.-|.. |..|  ----        ------  |.....|    ----     ----.....-|.--
    |..|--..-.--|..|---..|        |.-%.|  ---|---   -----  ---|.........|--
    ||--........--|-.%...-+---    |%|..|    |.|    --...----..|....|.----
    |...............)--......-----|.|..|    |.| ----.....|....|..-----
    --..--|--------..|-.......||..-.|---   --.---.............|..| ------
    --..|........"|--|....{...||..|.|  -----...........---......-- |%!.%|
    |...|?.[?*%.!)|  |.......--|..|.|---...........|...|........|  |....|
    |...-----------  |--....------|.|-......---...-------....--------|---
    --..1....| ------|....|...|..--.|...---..|...-|..|..|-...|-...---.------
     -------.| |(((.|-..%---........|....-|.....--|..|..|-----.........-|..|
       |...|.| |((..-...-|....--..........|-..-----.---.-..................|
       |...|.| |(((.|-...|...-|.......G...---.............----....{.....-----
  -------|--.| ------|%.......|..--.........|--------.--|-| --..............|
  |....|.....--------|....|...|-----.......--  |(((.|.|...| |.........-----%|
  -+-..-.h{@:.|......--...|..--    ---...---   |(%(.-.|.%.| -------..-- |...|
    |..|......%.----.....-----       -----     |(((.|------       ----  |...|
    -------------  -------                     ------                   -----
Japes the Initiate              St:18/01 Dx:12 Co:11 In:10 Wi:15 Ch:10  Lawful
Dlvl:7  $:404 HP:0(53) Pw:31(36) AC:4  Xp:7/917 T:2721 

Latest messages:
 You hear someone cursing shoplifters.
 You swap places with the peaceful watchman.
 The priestess of Chih Sung-tzu intones:
 "Pilgrim, you enter a sacred place!"
 You have a forbidding feeling...
 You see here a candle.
 m - a candle.
 This door is locked.
 Unlock it with your key? [ynq] (q)
 You succeed in unlocking the door.
 The door opens.
 You hit the gnome lord!
 You kill the gnome lord!
 You see here a gnome lord corpse.
 You see here a gnome lord corpse.
 The rothe hits!
 The rothe bites!
 The rothe bites again!
 The rothe hits!
 The rothe bites!
 The rothe misses!
 You hit the rothe!
 You kill the rothe!
 n - a brown potion.
 You hear the chime of a cash register.
 You hit the giant bat!
 The giant bat bites!
 The giant bat misses!
 You hit the giant bat!
 The giant bat bites!
 The giant bat bites!
 You kill the giant bat!
 You see here a giant bat corpse.
 You swap places with the peaceful dwarf lady.
 You are beginning to feel hungry.
 What do you want to eat? [fghi or ?*]
 This food really hits the spot!
 You finish eating the food ration.
 You swap places with the peaceful dwarf lady.
 The crocodile bites!
 The crocodile hits!
 You hit the crocodile!
 The crocodile bites!
 The crocodile hits!
 Your hands begin to glow red.
 The crocodile bites!
 The crocodile hits!
 You die...
 Do you want your possessions identified? [ynq] (y)
 Do you want to see your attributes? [ynq] (y)

Inventory:
 Coins    ('$')
  $ - 404 gold pieces
 Amulets  ('"')
  U - a cursed amulet of change
  V - a cursed amulet of life saving
 Weapons  (')')
  E - 17 +0 daggers
 Armor    ('[')
  a - a blessed +2 pair of leather gloves (being worn)
  b - a blessed +1 robe (being worn)
 Comestibles  ('%')
  g - 6 uncursed apples
  f - 3 uncursed food rations
  i - 4 uncursed fortune cookies
  h - 6 uncursed oranges
 Scrolls  ('?')
  v - an uncursed scroll of confuse monster
  c - an uncursed scroll of earth
  X - 3 cursed scrolls of enchant armor
  H - an uncursed scroll of enchant weapon
  W - a cursed scroll of identify
  Y - a cursed scroll of light
 Spellbooks  ('+')
  j - a blessed spellbook of confuse monster
 Potions  ('!')
  n - a blessed potion of extra healing
  K - an uncursed potion of gain ability
  Z - a cursed potion of gain level
  d - a blessed potion of healing
  e - 3 uncursed potions of healing
  z - a cursed potion of paralysis
  I - a potion of holy water
  S - an uncursed potion of water
  P - 2 potions of unholy water
 Wands    ('/')
  w - a wand of magic missile (0:3)
  l - a blessed wand of undead turning (0:5)
 Tools    ('(')
  F - a can of grease (0:25)
  k - an uncursed skeleton key
  C - 2 uncursed tallow candles
  m - an uncursed wax candle
 Gems/Stones  ('*')
  Q - 2 uncursed aquamarine stones
  J - an uncursed black opal
  L - an uncursed opal
  D - 2 uncursed worthless pieces of black glass
  s - an uncursed worthless piece of green glass
  p - an uncursed worthless piece of orange glass
  M - an uncursed worthless piece of white glass
  q - an uncursed worthless piece of yellow glass
  A - an uncursed luckstone

Japes the Monk's attributes:

Background:
 You were an Initiate, a level 7 male human Monk.
 You were lawful, on a mission for Shan Lai Ching
 who was opposed by Chih Sung-tzu (neutral) and Huan Ti (chaotic).
 You were right-handed.
 You were in the Gnomish Mines, on level 7.
 You entered the dungeon 2721 turns ago.
 There was a full moon in effect when your adventure ended.
 You had 917 experience points, 363 more were needed to attain level 8.

Basics:
 You had 0 out of 53 hit points.
 You had 31 out of 36 energy points (spell power).
 Your armor class was 4.
 Your wallet contained 404 zorkmids.
 Autopickup was on for '$' plus thrown.

Final Characteristics:
 Your strength was 18/01 (limit:18/100).
 Your dexterity was 12 (limit:18).
 Your constitution was 11 (limit:18).
 Your intelligence was 10 (limit:18).
 Your wisdom was 15 (limit:18).
 Your charisma was 10 (limit:18).

Final Status:
 You weren't hungry.
 You were unencumbered.
 You were empty handed.
 You had basic skill with martial arts and could have enhanced that.

Final Attributes:
 You were piously aligned.
 You were sleep resistant.
 You were poison resistant.
 You saw invisible.
 You were warned.
 You would have confused monsters when hitting them.
 You were stealthy.
 You were guarded.
 Your spell casting was enhanced by wearing a robe.
 You were fast.
 You were lucky.
 You had extra luck.
 Bad luck did not time out for you.
 Good luck did not time out for you.
 You are dead.

Miscellaneous:
 You encountered 1 bones level.
 Total elapsed playing time was 52 minutes and 13 seconds.

Major events:
 Turn
    1: Japes the lawful male human Monk entered the dungeon
  533: entered the Gnomish Mines
  881: attained the rank of Novice (level 3)
 1660: attained the rank of Initiate (level 6)
 1962: reached Mine Town
 2721: killed by a crocodile

Spells:
 Name                 Level Category     Fail Retention
 confuse monster        1   enchantment    0%  76%-100%

Skills:
 Fighting Skills
   martial arts       [Basic]
 Weapon Skills
   quarterstaff       [Unskilled]
   spear              [Unskilled]
   crossbow           [Unskilled]
   shuriken           [Unskilled]
 Spellcasting Skills
   attack spells      [Unskilled]
   healing spells     [Basic]
   divination spells  [Unskilled]
   enchantment spells [Unskilled]
   clerical spells    [Unskilled]
   escape spells      [Unskilled]
   matter spells      [Unskilled]

Voluntary challenges:
 Character rerolling was not enabled.
 You were vegetarian.
 You never hit with a wielded weapon.
 You never genocided any monsters.
 You never polymorphed an object.
 You never changed form.
 You used no wishes.
Achievements:
 You entered the Gnomish Mines.
 You attained the rank of Novice.
 You entered a shop.
 You attained the rank of Initiate.
 You entered Minetown.
 You entered a temple.

 The Dungeons of Doom: levels 1 to 4
    Level 1:
       A fountain.
    Level 2:
       Some fountains.
    Level 3:
       A fountain.
       Stairs down to The Gnomish Mines.
    Level 4:
       Some shops.
 The Gnomish Mines: levels 4 to 7
    Level 4:
    Level 5:
    Level 6:
       A grave.
       Final resting place for
          pavelek-Wiz-Elf-Mal-Cha, killed by a gnome.
    Level 7: <- You were here.
       Many shops, a temple and an altar, many fountains.
       Final resting place for
          you, killed by a crocodile.


Vanquished creatures:
  a ghost
  4 small mimics
  2 dingoes
  a housecat
  2 dust vortices
 an ape
 10 gnome leaders
  2 gnomish wizards
  a paper golem
  2 giant ants
  3 dwarves
  a rothe
  a centipede
  2 giant bats
  a dwarf zombie
 an iguana
  a killer bee
 an acid blob
  2 hobbits
  a hobgoblin
  a giant rat
 24 gnomes
  2 garter snakes
  a gnome zombie
  a gecko
  6 jackals
  a kobold
  2 goblins
  a lichen
  3 kobold zombies
  5 newts
87 creatures vanquished.

No species were genocided or became extinct.

Game over:
                       ----------
                      /          \
                     /    REST    \
                    /      IN      \
                   /     PEACE      \
                  /                  \
                  |      Japes       |
                  |      404 Au      |
                  |   killed by a    |
                  |    crocodile     |
                  |                  |
                  |                  |
                  |       2026       |
                 *|     *  *  *      | *
        _________)/\\_//(\/(/\)/\//\/|_)_______

Goodbye Japes the Monk...

You died in The Gnomish Mines on dungeon level 7 with 4342 points,
and 404 pieces of gold, after 2721 moves.
You were level 7 with a maximum of 53 hit points when you died.

